Map: Catalyst LE

Players

Holly

  • Race: Protoss Protoss
  • Spawn Location: 11:00

ssy - Winner!

  • Race: Zerg Zerg
  • Spawn Location: 5:00

Event: WCS Leipzig 2018

VOD

Have the link to the VOD?

Description

Time

  • Played on: Jan. 26, 2018, 7:11 a.m.
  • Length: 7:47

All games in this series

Show
View Real Time Build Order
Export as new Build Order

Holly Protoss 

Build Orders: 1 Gate Expand, Oracle Opening, Phoenix Opening 

Get SALT Encoding   

  12  0:00  Probe  
  13  0:12  Probe  
  14  0:20  Pylon  
  14  0:25  Probe  
  15  0:38  Probe (Chrono Boost)  
  15  0:39  Gateway  
  16  0:48  Assimilator  
  16  0:49  Probe (Chrono Boost)  
  17  0:54  Probe (Chrono Boost)  
  18  1:04  Probe (Chrono Boost)  
  19  1:16  Probe (Chrono Boost)  
  20  1:25  Nexus  
  20  1:35  Cybernetics Core  
  20  1:42  Probe  
  20  1:45  Assimilator  
  21  1:54  Probe  
  21  1:57  Pylon  
  22  2:06  Probe  
  23  2:14  Adept (Chrono Boost)  
  25  2:17  Warp Gate  
  25  2:18  Probe  
  26  2:29  Stargate  
  26  2:31  Probe  
  26  2:35  Adept  
  29  2:37  Probe  
  29  2:43  Probe  
  31  2:50  Probe  
  32  2:55  Probe  
  33  3:02  Probe  
  34  3:07  Probe  
  34  3:10  Oracle (Chrono Boost)  
  35  3:14  Probe  
  35  3:19  Probe  
  40  3:26  Probe  
  41  3:30  Gateway  
  41  3:31  Probe  
  41  3:34  Pylon  
  41  3:35  Pylon  
  41  3:38  Probe  
  41  3:40  Phoenix  
  44  3:43  Probe  
  45  3:49  Robotics Facility  
  45  3:50  Probe  
  45  3:54  Assimilator  
  47  3:55  Probe  
  47  3:57  Assimilator  
  47  4:02  Probe  
  48  4:06  Twilight Council  
  48  4:07  Probe  
  49  4:14  Probe (Chrono Boost)  
  50  4:23  Probe (Chrono Boost)  
  51  4:26  Probe (Chrono Boost)  
  52  4:32  Gateway  
  52  4:34  Probe (Chrono Boost)  
  52  4:35  Probe (Chrono Boost), Warp Prism (Chrono Boost)  
  52  4:37  Sentry x2  
  60  4:42  Probe  
  61  4:49  Resonating Glaives (Chrono Boost)  
  61  4:50  Probe  
  62  4:59  Pylon  
  62  5:01  Pylon  
  62  5:17  Probe  
  62  5:18  Immortal (Chrono Boost)  
  66  5:21  Adept x2  
  66  5:26  Gateway x2  
  66  5:28  Gateway  
  70  5:37  Probe x2  
  70  5:42  Pylon  
  72  5:43  Pylon  
  72  5:44  Pylon  
  72  5:49  Probe  
  69  5:50  Sentry x3  
  75  6:00  Gateway, Immortal (Chrono Boost)  
  75  6:03  Gateway  
  75  6:04  Gateway  
  79  6:14  Sentry  
  79  6:15  Adept x2  
  85  6:20  Pylon  
  85  6:30  Adept x2  
  85  6:31  Adept  
  91  6:37  Adept  
  91  6:38  Adept x2  
  97  6:43  Pylon  
  97  6:44  Pylon  
  95  6:53  Adept  
  95  6:54  Adept x2  
  101  6:57  Sentry  
  101  6:58  Sentry x2  
  107  7:04  Templar Archives  
  107  7:16  Observer (Chrono Boost)  
  107  7:18  Adept x3  
  107  7:22  Zealot  
  116  7:30  Adept  
  116  7:31  Adept x3  
  66  7:44  Adept x2  
  66  7:45  Adept x3  
Show
View Real Time Build Order
Export as new Build Order

ssy Zerg - Winner!

Build Orders: Hatch First 

Get SALT Encoding   

  12  0:00  Drone  
  13  0:12  Overlord  
  13  0:24  Drone  
  14  0:30  Drone x2  
  16  0:49  Hatchery  
  15  0:52  Drone  
  15  0:55  Drone  
  17  1:05  Extractor  
  16  1:12  Spawning Pool  
  16  1:14  Drone  
  16  1:18  Drone  
  16  1:22  Drone  
  18  1:34  Overlord  
  18  1:44  Drone  
  19  1:58  Queen  
  19  1:59  Zergling x2  
  19  2:00  Queen  
  25  2:01  Zergling x2  
  25  2:04  Drone  
  26  2:10  Metabolic Boost  
  26  2:15  Drone  
  26  2:18  Drone  
  26  2:22  Drone x2  
  30  2:39  Hatchery  
  30  2:42  Drone  
  31  2:44  Drone  
  31  2:48  Overlord  
  31  2:53  Drone  
  31  2:54  Drone  
  31  2:58  Zergling x2  
  34  3:10  Queen  
  36  3:16  Drone  
  36  3:17  Zergling x4  
  36  3:18  Overlord  
  39  3:21  Drone x2  
  39  3:26  Overlord  
  41  3:31  Overlord  
  41  3:39  Spore Crawler  
  41  3:40  Drone, Spore Crawler  
  41  3:41  Drone  
  41  3:43  Drone  
  42  3:54  Queen  
  44  3:56  Drone x2  
  44  3:57  Drone  
  44  3:58  Drone  
  44  4:00  Drone x2  
  44  4:02  Drone  
  51  4:06  Drone  
  51  4:10  Drone  
  51  4:11  Drone  
  51  4:15  Drone  
  53  4:20  Spore Crawler  
  53  4:22  Drone  
  53  4:25  Zergling x4  
  53  4:27  Lair  
  53  4:29  Drone x2, Extractor  
  53  4:30  Drone, Evolution Chamber  
  56  4:33  Overlord  
  56  4:39  Drone  
  56  4:42  Overlord  
  56  4:43  Drone x3  
  60  4:47  Drone  
  60  4:48  Drone x2  
  60  4:49  Drone  
  60  4:52  Baneling Nest  
  63  4:53  Drone  
  63  4:56  Extractor  
  63  4:59  Extractor, Zerg Missile Weapons Level 1  
  62  5:02  Drone x2  
  62  5:03  Drone  
  62  5:06  Drone  
  66  5:10  Overlord  
  66  5:17  Zergling x6  
  69  5:28  Extractor  
  68  5:29  Hydralisk Den  
  68  5:33  Drone x2  
  68  5:34  Drone, Overlord x2  
  68  5:35  Zergling x10  
  75  5:42  Overlord  
  75  5:43  Overlord  
  75  5:49  Overlord  
  73  5:53  Overlord x2  
  73  6:01  Muscular Augments  
  73  6:03  Hydralisk x4  
  81  6:08  Hydralisk  
  81  6:09  Hydralisk  
  85  6:13  Drone, Hydralisk  
  85  6:16  Drone x2  
  85  6:17  Hydralisk  
  92  6:19  Overseer  
  92  6:23  Hydralisk  
  94  6:29  Hydralisk x2  
  98  6:36  Hydralisk x3  
  98  6:39  Overlord  
  104  6:49  Hydralisk x3  
  104  6:53  Zergling x4  
  112  7:05  Overlord x2  
  112  7:09  Zergling x18  
  112  7:14  Baneling x8  
  120  7:16  Zergling x2  
  121  7:24  Baneling x13  
Tags
 
Add a new tag
Caveats
  • Supply blocks, unpowered buildings, or Contaminate may cause inaccurate times.
  • Supply counts are checked every 10 seconds.